 Dungeon Crawl Stone Soup version 0.14-a0-77-g9a1e883 (webtiles) character file.

6692 Malachi the Frost Mage (level 10, -6/64 HPs)
             Began as a Demonspawn Ice Elementalist on Oct 1, 2013.
             Was an Elder of Vehumet.
             Mangled by a two-headed ogre
             ... wielding a +0,+0 giant club
              (26 damage)
             ... on Level 10 of the Dungeon.
             The game lasted 00:41:55 (12804 turns).

Malachi the Frost Mage (DsIE)                      Turns: 12804, Time: 00:41:55

HP  -6/64        AC 11     Str  8      XL: 10   Next: 59%
MP   0/25        EV 15     Int 21      God: Vehumet [****..]
Gold 546         SH  0     Dex 15      Spells:  5 memorised, 10 levels left

Res.Fire  : . . .   See Invis. : +     - Unarmed
Res.Cold  : + . .   Warding    : .   z - +0 robe (curse)
Life Prot.: . . .   Conserve   : +   (no shield)
Res.Poison: .       Res.Corr.  : +   g - +0 helmet of the Ego {+Fly rC+ SInv}
Res.Elec. : .       Clarity    : .   o - +2 cloak {rCorr, Cons}
Sust.Abil.: . .     Spirit.Shd : +   (no gloves)
Res.Mut.  : .       Stasis     : .   l - +0 pair of boots {Stlth+}
Res.Rott. : .       Flight     : .   A - amulet of faith
Saprovore : . . .                    (no ring)
                                     j - +2 ring of dexterity

@: somewhat resistant to hostile enchantments, quite stealthy
A: claws 2, demonic guardian 1, magic shield, AC +4
a: Renounce Religion, Evoke Flight


You were on level 10 of the Dungeon.
You worshipped Vehumet.
Vehumet was greatly pleased with you.
You were not hungry.

You visited 1 branch of the dungeon, and saw 10 of its levels.

You collected 526 gold pieces.

Inventory:

Hand weapons
 h - a +1,+0 spear
 t - a +2,+0 whip of electrocution
Missiles
 k - 5 silver tomahawks (quivered)
 m - 3 tomahawks
Armour
 g - the +0 helmet of the Ego (worn) {+Fly rC+ SInv}
   (You found it on level 10 of the Dungeon)

   It protects you from cold.
   It enhances your eyesight.
   It lets you fly.
 l - a +0 pair of boots of stealth (worn)
 o - a +2 cloak of preservation (worn)
 x - a +0 cloak
 z - a cursed +0 robe (worn)
Magical devices
 f - a wand of frost (11)
 n - a wand of frost (7)
 v - a wand of lightning (0)
 F - a wand of teleportation (1)
 G - a wand of frost (9)
Comestibles
 c - 5 bread rations
 J - 2 chunks of worker ant flesh
 K - an apple
 L - a chunk of adder flesh
Scrolls
 d - 3 scrolls of enchant weapon II
 i - 2 scrolls of teleportation
 p - 5 scrolls of identify
 q - 6 scrolls of remove curse
 u - 2 scrolls of enchant weapon I
 C - a scroll of blinking
 E - 2 scrolls of fog
Jewellery
 j - a +2 ring of dexterity (left claw)
 A - an amulet of faith (around neck)
 B - an uncursed amulet of guardian spirit
 I - the amulet of Nocy {Stasis -Cast rElec, unknown}
   (You found it on level 10 of the Dungeon)

   [amulet of stasis]

   It insulates you from electricity.
   It prevents spellcasting.
Potions
 a - a potion of magic
 e - 4 potions of curing
 r - a potion of brilliance
 s - 2 potions of restore abilities
 w - a potion of poison {unknown}
 D - a potion of beneficial mutation {unknown}
Books
 b - a book of Frost

   Spells                             Type                      Level
   *Freeze                            Ice                          1
   Throw Frost                        Conjuration/Ice              2
   *Ozocubu's Armour                  Charms/Ice                   3
   *Throw Icicle                      Conjuration/Ice              4
   Summon Ice Beast                   Ice/Summoning                4
   *Condensation Shield               Ice                          4
 H - a Necronomicon {highlevel}

   This book is beyond your current level of understanding.

   Spells                             Type                      Level
   Borgnjor's Revivification          Necromancy                   7
   Haunt                              Necromancy/Summoning         7
   Death's Door                       Charms/Necromancy            8
   Necromutation                      Transmutation/Necromancy     8
Rods
 y - a +0 rod of inaccuracy (13/13)
   (You found it on level 6 of the Dungeon)


   Skills:
 + Level 1.4 Fighting
 + Level 5.3 Dodging
 + Level 3.0 Stealth
 + Level 1.5 Unarmed Combat
 + Level 8.1 Spellcasting
 + Level 2.0 Conjurations
 + Level 0.3 Charms
 * Level 10.8 Ice Magic
 + Level 0.2 Evocations


You had 10 spell levels left.
You knew the following spells:

 Your Spells              Type           Power        Failure   Level  Hunger
a - Freeze                Ice            ####         1%          1    None
b - Ozocubu's Armour      Chrm/Ice       ####......   2%          3    None
c - Condensation Shield   Ice            ######....   1%          4    ###....
d - Mephitic Cloud        Conj/Pois/Air  ##......     6%          3    None
e - Throw Icicle          Conj/Ice       #####...     2%          4    ###....


Dungeon Overview and Level Annotations

Branches:
Dungeon (10/27)            Temple (0/1) D:6             Orc (0/4) D:9
   Lair: D:8-13

Altars:
Cheibriados
Elyvilon
Makhleb
Okawaru
Trog
Vehumet
Yredelemnul
Zin

Shops:
D:5 (

Annotations:
D:4 1 exclusion


Innate Abilities, Weirdness & Mutations

You have very sharp fingernails.
You are partially covered in iridescent scales (AC +4).
A weak demonic guardian rushes to your aid.
When hurt, damage is shared between your health and your magic reserves.


Message History

The puff of frost hits the two-headed ogre.
The two-headed ogre is severely wounded.
Casting: Throw Icicle
Confirm with . or Enter, or press ? or * to list all spells.
Aiming: Freeze
Press: ? - help, Shift-Dir - straight line, f/p - two-headed ogre
Aim: a two-headed ogre, wielding a giant club and a giant spiked club (severely wounded)
You freeze the two-headed ogre.
The two-headed ogre is severely wounded.
The two-headed ogre barely misses you.
The two-headed ogre hits you with a giant spiked club!
Casting: Freeze
Confirm with . or Enter, or press ? or * to list all spells.
Aiming: Freeze
Press: ? - help, Shift-Dir - straight line, f/p - two-headed ogre
Aim: a two-headed ogre, wielding a giant club and a giant spiked club (severely wounded)
You freeze the two-headed ogre.
The two-headed ogre is almost dead.
The two-headed ogre hits you with a giant club!
You die...

######### . #.........#
...? #..(......+ .....
#.........# ......
#.........#
.......########.........#
>......#..5...'.........#
.......#.######>........#
........#@# #.....)...#
........O.# #..........
........### #..........
....... #..........
....... #..........
....... #..........
.....K #.......... ..<..
#.......... ....
#....?.....


You could see a two-headed ogre.

Vanquished Creatures
  Pikel (D:6)
  Grinder (D:4)
  2 trolls
  Prince Ribbit (D:5)
  A two-headed ogre (D:10)
  A hippogriff (D:9)
  Edmund (D:5)
  4 ogres
  3 ice beasts
  A sky beast (D:6)
  A black bear (D:9)
  An orc warrior (D:9)
  4 centaurs
  A warg (D:9)
  An agate snail (D:7)
  2 giant frogs
  A cyclops skeleton (D:9)
  22 killer bees
  6 wights (D:9)
  4 jellies
  2 goliath beetles
  8 crimson imps
  4 orc priests
  A giant frog skeleton (D:8)
  4 hounds
  6 orc wizards
  3 scorpions
  9 worker ants
  Ijyb (D:6)
  Jessica (D:2)
  An ogre skeleton (D:5)
  A hound skeleton (D:9)
  A mummy (D:8)
  10 adders
  A gnoll (D:1)
  A human (D:3)
  An inept item mimic (D:7)
  3 worms
  2 adder skeletons
  A giant eyeball (D:5)
  6 giant geckos
  3 oozes
  32 orcs
  4 giant cockroaches (D:1)
  6 goblins
  10 hobgoblins
  17 jackals
  23 kobolds
  4 quokkas
  2 ball pythons
  12 bats
  2 giant newts
  A goblin zombie (D:3)
  A hobgoblin skeleton (D:6)
  An orc skeleton (D:8)
  An orc zombie (D:8)
  A quokka skeleton (D:4)
  17 rats
263 creatures vanquished.

Vanquished Creatures (collateral kills)
  A hippogriff (D:7)
  2 centaurs
  2 wights (D:9)
  2 orcs (D:9)
  A hobgoblin (D:9)
  A quokka (D:4)
9 creatures vanquished.

Vanquished Creatures (others)
  A slave (D:6)
  Sigmund (D:6)
  6 crimson imps
  3 iron imps
  A worker ant zombie (D:6)
  8 lemures
  4 white imps
  9 ufetubi
  An orc (D:6)
  A hobgoblin (D:6)
  A giant gecko (D:2)
  2 rats (D:6)
38 creatures vanquished.

Grand Total: 310 creatures vanquished

Notes
Turn   | Place    | Note
--------------------------------------------------------------
     0 | D:1      | Malachi, the Demonspawn Ice Elementalist, began the quest for the Orb.
     0 | D:1      | Reached XP level 1. HP: 13/13 MP: 3/3
    50 | D:1      | Reached skill level 3 in Ice Magic
   235 | D:1      | Gained mutation: You have sharp fingernails. [demonic ancestry]
   235 | D:1      | Reached XP level 2. HP: 19/19 MP: 1/4
   529 | D:1      | Gained mutation: You are partially covered in iridescent scales (AC +4). [demonic ancestry]
   529 | D:1      | Reached XP level 3. HP: 24/24 MP: 0/6
  1028 | D:2      | Found a radiant altar of Vehumet.
  1046 | D:2      | Found a snail-covered altar of Cheibriados.
  1107 | D:2      | Became a worshipper of Vehumet
  1197 | D:2      | Noticed Jessica
  1206 | D:2      | Killed Jessica
  1206 | D:2      | Reached XP level 4. HP: 21/30 MP: 2/7
  1373 | D:2      | Found a glowing silver altar of Zin.
  1384 | D:2      | Found a white marble altar of Elyvilon.
  1636 | D:2      | Found a bloodstained altar of Trog.
  1641 | D:2      | Found an iron altar of Okawaru.
  1728 | D:3      | Reached skill level 4 in Ice Magic
  1750 | D:3      | Learned a level 3 spell: Ozocubu's Armour
  2248 | D:3      | Acquired Vehumet's first power
  2248 | D:3      | Offered knowledge of Sting by Vehumet.
  2302 | D:3      | Reached XP level 5. HP: 35/35 MP: 7/10
  2558 | D:3      | Found a basalt altar of Yredelemnul.
  2793 | D:4      | Noticed Grinder
  3218 | D:5      | Entered Level 5 of the Dungeon
  3311 | D:5      | Noticed Prince Ribbit
  3329 | D:5      | Noticed Edmund
  3344 | D:5      | Killed Edmund
  3344 | D:5      | Reached skill level 5 in Ice Magic
  3344 | D:5      | Reached XP level 6. HP: 19/41 MP: 0/13
  3648 | D:5      | Learned a level 4 spell: Condensation Shield
  3863 | D:5      | Found Thusuj's Weapon Emporium.
  3987 | D:5      | Offered knowledge of Shock by Vehumet.
  4019 | D:5      | Killed Prince Ribbit
  4019 | D:5      | Reached skill level 6 in Ice Magic
  4019 | D:5      | Gained mutation: A weak demonic guardian rushes to your aid. [demonic ancestry]
  4019 | D:5      | Reached XP level 7. HP: 11/46 MP: 10/16
  5118 | D:4      | Reached skill level 1 in Unarmed Combat
  5529 | D:6      | Gained mutation: You have very sharp fingernails. [demonic ancestry]
  5529 | D:6      | Reached XP level 8. HP: 20/52 MP: 6/18
  5722 | D:6      | Noticed Ijyb
  5743 | D:6      | Killed Ijyb
  5752 | D:6      | Noticed Pikel
  5773 | D:6      | Killed Pikel
  5773 | D:6      | Reached skill level 1 in Fighting
  5773 | D:6      | Reached skill level 5 in Spellcasting
  5773 | D:6      | Reached skill level 7 in Ice Magic
  5992 | D:6      | Killed Sigmund
  6211 | D:6      | Reached skill level 8 in Ice Magic
  6541 | D:6      | Identified a +0 rod of inaccuracy (13/13) (You found it on level 6 of the Dungeon)
  6587 | D:6      | Found a staircase to the Ecumenical Temple.
  6862 | D:6      | Found a burning altar of Makhleb.
  7059 | D:6      | Offered knowledge of Mephitic Cloud by Vehumet.
  7278 | D:7      | Gained mutation: When hurt, damage is shared between your health and your magic reserves. [demonic ancestry]
  7278 | D:7      | Reached XP level 9. HP: 51/58 MP: 16/21
  7595 | D:7      | Identified a +2 cloak of preservation (You found it on level 7 of the Dungeon)
  7834 | D:7      | Identified a scroll of acquirement
  8401 | D:7      | Reached skill level 9 in Ice Magic
  8444 | D:7      | Found a snail-covered altar of Cheibriados.
  8738 | D:4      | Killed Grinder
  8738 | D:4      | Acquired Vehumet's second power
  8770 | D:5      | Learned a level 3 spell: Mephitic Cloud
  8775 | D:5      | Learned a level 4 spell: Throw Icicle
  9128 | D:8      | Offered knowledge of Iskenderun's Battlesphere by Vehumet.
 10424 | D:9      | Found a staircase to the Orcish Mines.
 10489 | D:9      | Reached skill level 10 in Ice Magic
 10516 | D:9      | Reached XP level 10. HP: 37/64 MP: 10/24
 10524 | D:9      | Acquired Vehumet's third power
 10645 | D:9      | Offered knowledge of Olgreb's Toxic Radiance by Vehumet.
 11220 | D:9      | Reached skill level 5 in Dodging
 12086 | D:10     | Entered Level 10 of the Dungeon
 12203 | D:10     | Got a shimmering helmet
 12206 | D:10     | Identified the +0 helmet of the Ego {+Fly rC+ SInv} (You found it on level 10 of the Dungeon)
 12236 | D:10     | Got a twitching brass amulet
 12617 | D:10     | Offered knowledge of Ozocubu's Refrigeration by Vehumet.
 12804 | D:10     | Mangled by a two-headed ogre

Action                   |  1- 3 |  4- 6 |  7- 9 | 10-12 || total
-------------------------+-------+-------+-------+-------++-------
Melee: Spear             |    15 |     2 |       |       ||    17
       Unarmed           |     2 |    66 |   221 |    72 ||   361
       Whip              |       |       |    12 |       ||    12
       Rod               |       |       |     3 |       ||     3
 Cast: Freeze            |    42 |   137 |   253 |    94 ||   526
       Ozocubu's Armour  |       |     1 |    19 |     2 ||    22
       Condensation Shie |       |       |    15 |     2 ||    17
       Throw Icicle      |       |       |     4 |    34 ||    38
Evoke: Rod               |       |       |     9 |       ||     9
       Wand              |       |       |     3 |     7 ||    10
  Use: Scroll            |     2 |     6 |    10 |     2 ||    20
       Potion            |     1 |       |     3 |     2 ||     6
 Stab: Sleeping          |     3 |     3 |     1 |       ||     7
